Map: New Repugnancy LE

Players

Ared - Winner!

  • Race: Terran Terran
  • Spawn Location: 1:00

BestMuv

  • Race: Zerg Zerg
  • League: Silver
  • Spawn Location: 7:00

VOD

Have the link to the VOD?

Description

Time

  • Played on: June 4, 2019, 7:55 a.m.
  • Length: 14:00
Show
View Real Time Build Order
Export as new Build Order

Ared Terran - Winner!

Build Orders:  

Get SALT Encoding   

  12  0:01  SCV  
  14  0:14  SCV  
  14  0:20  Supply Depot  
  14  0:26  SCV  
  15  0:33  Refinery  
  15  0:45  Barracks  
  15  0:46  SCV  
  16  1:00  SCV  
  17  1:16  SCV  
  18  1:30  SCV  
  19  1:36  Supply Depot  
  19  1:43  Orbital Command  
  19  1:52  Factory  
  19  2:13  Command Center  
  19  2:14  SCV  
  20  2:22  Bunker  
  20  2:24  Marine  
  21  2:31  SCV  
  21  2:36  Factory Tech Lab  
  22  2:43  SCV  
  23  2:55  Supply Depot  
  23  2:56  SCV  
  24  3:03  Siege Tank  
  27  3:05  Barracks Reactor  
  27  3:15  Supply Depot  
  27  3:17  SCV  
  28  3:22  Supply Depot  
  28  3:28  Orbital Command  
  28  3:33  SCV  
  29  3:38  Siege Tank  
  29  3:39  Refinery  
  32  3:52  Supply Depot  
  29  3:57  Marine x2  
  30  4:11  SCV  
  31  4:20  SCV  
  31  4:24  Supply Depot  
  32  4:25  Marine  
  32  4:26  Marine  
  34  4:35  Siege Tank  
  37  4:40  SCV x2  
  39  4:51  Marine x2  
  41  5:00  SCV  
  41  5:01  SCV  
  43  5:09  Siege Tank  
  43  5:11  Marine x2  
  43  5:12  Barracks  
  48  5:15  SCV x2  
  50  5:33  SCV x2, Starport  
  52  5:37  Marine x2  
  52  5:42  Siege Tank  
  57  5:52  SCV x2  
  57  5:53  Refinery  
  57  5:55  Marine x2  
  61  6:00  Supply Depot  
  61  6:05  Barracks Tech Lab, Engineering Bay  
  61  6:08  SCV  
  61  6:09  SCV  
  63  6:12  Marine x2  
  63  6:14  Siege Tank  
  68  6:20  Starport Reactor  
  68  6:23  SCV x2, Supply Depot  
  70  6:30  Barracks  
  70  6:42  Marine  
  70  6:43  Marine x2  
  70  6:45  SCV x2  
  70  6:46  Supply Depot  
  75  6:48  Refinery  
  75  6:57  Stimpack  
  75  6:59  Medivac x2  
  75  7:00  Marine x2  
  75  7:01  Marine  
  82  7:10  Siege Tank  
  85  7:19  Barracks Reactor  
  85  7:21  SCV  
  85  7:22  SCV  
  87  7:32  Terran Infantry Weapons Level 1  
  87  7:40  SCV x2  
  87  7:43  Armory  
  89  7:54  Supply Depot  
  89  8:02  SCV x2, Marine x4  
  89  8:03  Marine  
  96  8:05  Siege Tank  
  96  8:06  Command Center  
  96  8:09  Medivac x2  
  103  8:18  Supply Depot  
  103  8:27  Marine x5  
  103  8:32  SCV x2  
  110  8:42  Supply Depot  
  110  8:45  Siege Tank  
  110  8:46  Medivac x2  
  117  8:48  Marine x3  
  117  8:49  Marine x2  
  122  9:04  Supply Depot  
  122  9:15  Marine x3  
  122  9:16  Marine x2  
  127  9:25  Supply Depot  
  127  9:39  SCV x2  
  129  9:49  Supply Depot  
  129  9:56  Marine  
  129  9:57  Marine x4  
  129  9:58  Siege Tank  
  137  10:02  Medivac x2  
  137  10:06  SCV x2  
  143  10:11  SCV  
  144  10:14  Marine  
  144  10:15  Marine x4  
  149  10:28  SCV x2  
  149  10:29  SCV  
  149  10:30  Siege Tank  
  149  10:32  Marine x4, Medivac  
  149  10:33  Marine  
  157  10:50  Marine x5  
  162  11:02  Siege Tank  
  165  11:08  Marine x2  
  161  11:34  Siege Tank  
  158  11:42  SCV x3  
  146  12:06  Siege Tank  
  138  12:56  SCV  
  138  12:58  SCV  
  140  13:00  SCV  
  141  13:10  SCV  
Show
View Real Time Build Order
Export as new Build Order

BestMuv Zerg 

Build Orders: Pool First 

Get SALT Encoding   

  12  0:04  Drone  
  13  0:20  Drone  
  14  0:25  Overlord  
  14  0:46  Spawning Pool  
  13  0:51  Drone  
  13  0:52  Drone x2  
  16  1:15  Extractor  
  15  1:29  Overlord  
  15  1:30  Overlord  
  15  1:32  Drone  
  16  1:51  Drone  
  17  1:57  Queen  
  19  2:11  Hatchery  
  18  2:18  Drone x2  
  18  2:19  Drone  
  21  2:54  Zergling x6  
  24  3:14  Drone  
  25  3:30  Metabolic Boost  
  25  3:37  Queen  
  25  3:39  Drone x2  
  28  4:12  Queen  
  28  4:15  Zergling x8  
  28  4:16  Zergling x6  
  36  4:26  Zergling x2  
  36  4:27  Zergling x4  
  38  5:09  Lair  
  38  5:17  Drone  
  38  5:18  Drone x5  
  44  5:25  Overlord x2  
  44  5:26  Overlord  
  44  5:40  Extractor  
  43  6:08  Overlord x2  
  43  6:09  Overlord  
  43  6:33  Drone x5  
  43  6:34  Drone x4  
  52  6:51  Spire  
  51  7:05  Lair  
  51  7:15  Infestation Pit  
  50  7:23  Roach Warren  
  49  7:42  Roach Warren  
  48  7:49  Drone x2  
  48  7:50  Drone x3  
  53  7:54  Overlord x3  
  53  7:55  Overlord  
  53  7:58  Extractor  
  53  8:02  Extractor  
  51  8:30  Overseer  
  51  8:32  Overseer  
  51  8:34  Glial Reconstitution  
  51  8:36  Tunneling Claws  
  51  8:43  Zerg Flyer Weapons Level 1  
  51  9:00  Spire  
  50  9:17  Zergling x12  
  52  9:18  Zergling x10  
  52  9:19  Zergling x2  
  52  9:21  Mutalisk  
  52  9:22  Mutalisk x3  
  70  9:45  Hatchery  
  48  10:43  Mutalisk x3  
  48  10:44  Mutalisk x2  
  48  10:46  Mutalisk  
  38  11:05  Queen  
  38  11:07  Drone  
  11  11:52  Drone x3  
  14  11:59  Hatchery  
    13:23  Drone  
    13:24  Drone  
Tags
 
League
Silver
Matchup
TvZ
Opening
Pool First
Spawn Locations
Cross Positions
Add a new tag
Caveats
  • Supply blocks, unpowered buildings, or Contaminate may cause inaccurate times.
  • Supply counts are checked every 10 seconds.